 Dungeon Crawl Stone Soup version 0.29.1-4-g47bece8355 (webtiles) character file.

Game seed: 15330178578417784755

156 BillyBaka the Trooper (level 5, -1/48 HPs)
             Began as a Minotaur Fighter on Dec 5, 2022.
             Was an Initiate of Gozag.
             Slain by a black bear (3 damage)
             ... on level 4 of the Dungeon.
             The game lasted 00:09:28 (3595 turns).

BillyBaka the Trooper (Minotaur Fighter)            Turns: 3595, Time: 00:09:29

Health: -1/48      AC:  6    Str: 22    XL:     5   Next: 15%
Magic:  4/4        EV:  9    Int:  5    God:    Gozag
Gold:   272        SH:  4    Dex: 10    Spells: 4/4 levels left

rFire   . . .      SeeInvis +   a - +0 war axe
rCold   + . .      Faith    .   c - +0 buckler
rNeg    . . .      Spirit   .   b - +0 scale mail
rPois   .          Reflect  .   (helmet restricted)
rElec   .          Harm     .   (no cloak)
rCorr   .          Rampage  .   (no gloves)
Will    .....                   (no boots)
Stlth   ..........              (no amulet)
HPRegen 0.16/turn               g - ring of see invisible
MPRegen 0.09/turn               h - ring of protection from cold

@: gold aura
A: horns 2, retaliatory headbutt
a: Renounce Religion, Potion Petition, Call Merchant, Bribe Branch


You were on level 4 of the Dungeon.
You worshipped Gozag.
Gozag was aware of your devotion.
You visited 1 branch of the dungeon, and saw 4 of its levels.

You collected 330 gold pieces.
You paid 58 gold pieces to Gozag.

Inventory:

Hand Weapons
 a - a +0 war axe (weapon)
Missiles
 t - a boomerang (quivered)
Armour
 b - a +0 scale mail (worn)
 c - a +0 buckler (worn)
Jewellery
 g - a ring of see invisible (left hand)
 h - a ring of protection from cold (right hand)
 s - a ring of magical power
Wands
 k - a wand of flame (24)
Scrolls
 f - 2 scrolls of amnesia {unknown}
 i - 2 scrolls of poison {unknown}
 j - 3 scrolls of magic mapping {unknown}
 l - 3 scrolls of identify {unknown}
 n - 5 scrolls of teleportation {unknown}
 q - a scroll of vulnerability {unknown}
 u - a scroll of silence {unknown}
Potions
 d - 2 potions of might
 e - a potion of ambrosia {unknown}
 m - a potion of attraction {unknown}
 o - a potion of degeneration {unknown}
 p - a potion of curing {unknown}
 r - a potion of cancellation {unknown}


   Skills:
 + Level 5.4 Fighting
 * Level 5.1 Axes
 - Level 3.6 Armour
 - Level 3.6 Shields


You had 4 spell levels left.
You didn't know any spells.
Your spell library contained the following spells:

 Spells                   Type           Power      Damage    Failure   Level
 Sublimation of Blood     Necr           0%         N/A       95%         2
 Wereblood                Tmut           0%         N/A       95%         2
 Ozocubu's Armour         Ice            0%         N/A       99%         3
 Portal Projectile        Hex/Tloc       0%         N/A       99%         3
 Tukima's Dance           Hex            0%         N/A       99%         3
 Blade Hands              Tmut           0%         N/A       100%        5
 Metabolic Englaciation   Hex/Ice        0%         N/A       100%        5
 Dispersal                Tloc           0%         N/A       100%        6
 Summon Hydra             Summ           0%         N/A       100%        7
 Disjunction              Tloc           0%         N/A       100%        8
 Simulacrum               Ice/Necr       Unusable   N/A       N/A         6

Dungeon Overview and Level Annotations

Branches:
Dungeon (4/15)
 Temple: D:4-7

Altars:
Gozag
Xom
The Shining One


Innate Abilities, Weirdness & Mutations

You have a pair of horns on your head.
You reflexively headbutt those who attack you in melee.


Message History

The black bear claws you.
The black bear claws you but does no damage.
You hit the black bear. Your headbutt misses the black bear.
The black bear is heavily wounded.
The black bear bites you. You block the black bear's attack.
The black bear closely misses you.
You slash the black bear! Your headbutt misses the black bear.
The black bear is severely wounded.
The black bear barely misses you. You furiously retaliate!
You headbutt the black bear, but do no damage.
The black bear claws you but does no damage. x2
The black bear goes berserk!
You hit the black bear.
The black bear is almost dead.
The black bear bites you. The black bear barely misses you. x2
You hit the black bear. Your headbutt misses the black bear.
The black bear is almost dead.
The black bear bites you. The black bear claws you. x2
The black bear bites you. The black bear claws you.
The black bear closely misses you.
You hit the black bear.
The black bear is almost dead.
You block the black bear's attack. The black bear closely misses you.
You block the black bear's attack. The black bear bites you.
The black bear claws you.
* * * LOW HITPOINT WARNING * * *
The black bear claws you.
* * * LOW HITPOINT WARNING * * *
You barely miss the black bear.
The black bear is almost dead.
The black bear bites you.
* * * LOW HITPOINT WARNING * * *
The black bear claws you.
* * * LOW HITPOINT WARNING * * *
The black bear claws you but does no damage.
The black bear bites you.
* * * LOW HITPOINT WARNING * * *
The black bear claws you.
You die...
Your body crumbles into a pile of gold.

######################
......$h@............#
####################.#
#.# ######.# ##
####......# ....
#.........# $
##..##.........#
#.........##.#.#
..................


You could see a black bear (berserk).

Vanquished Creatures
  5 adders
  2 worms (D:2)
  4 dart slugs
  9 orcs (D:4)
  9 endoplasms
  3 giant cockroaches
  8 goblins
  8 hobgoblins
  4 jackals (D:1)
  2 quokkas (D:2)
  6 ball pythons
  8 bats
  2 frilled lizards (D:1)
  8 kobolds
  3 rats (D:1)
81 creatures vanquished.

Notes
Turn   | Place    | Note
-------+----------+-------------------------------------------
     0 | D:1      | BillyBaka the Minotaur Fighter began the quest for the Orb.
     0 | D:1      | Reached XP level 1. HP: 19/19 MP: 0/0
   249 | D:1      | Reached XP level 2. HP: 20/27 MP: 1/1
   701 | D:1      | Reached XP level 3. HP: 34/34 MP: 2/2
   892 | D:1      | Found a faded altar of an unknown god.
  1730 | D:2      | Reached XP level 4. HP: 41/41 MP: 3/3
  1866 | D:2      | Reached skill level 5 in Fighting
  2445 | D:3      | Found a shimmering altar of Xom.
  2450 | D:3      | Found a shimmering altar of Xom.
  2499 | D:3      | Found a shimmering altar of Xom.
  2499 | D:3      | Found a shimmering altar of Xom.
  2937 | D:3      | Found an opulent altar of Gozag.
  2945 | D:3      | Became a worshipper of Gozag Ym Sagoz the Greedy
  3212 | D:3      | Found a glowing golden altar of the Shining One.
  3420 | D:4      | Reached XP level 5. HP: 33/48 MP: 4/4
  3425 | D:4      | Reached skill level 5 in Axes
  3582 | D:4      | Noticed a black bear
  3595 | D:4      | HP: 2/48 [black bear (5)]
  3595 | D:4      | Slain by a black bear

Illustrated notes

Levels and vault maps discovered:
D:1:      lightli_arrival_lavapool, layout_basic,
          shapermc_ecumenical_altar_mp_urbaneastern,
          dreamdust_princess_corridor, minmay_fountain_box
D:2:      layout_loops_corners, minmay_fractal_squares_gapless_5
D:3:      layout_loops_corners, nicolae_tso_swordbearing_angel, xom_redecorated,
          nicolae_gozag_cash_rules_everything_around_me
D:4:      kb_forest_paths, layout_basic, serial_shops, kennysheep_mini_moat

Skill      XL: |  1  2  3  4  5 |
---------------+----------------+-----
Fighting       | 4 5 |  5.4
Axes           | 3 4 5 |  5.1
Armour         | |  3.6
Shields        | |  3.6

Action                   |  1- 3 |  4- 6 || total
-------------------------+-------+-------++-------
Melee: War axe           |   101 |    82 ||   183
       Headbutt          |    13 |    12 ||    25
Throw: Boomerang         |       |     2 ||     2
Armor: Scale mail        |    53 |    39 ||    92
Dodge: Dodged            |    51 |    45 ||    96
Block: Buckler           |    23 |    18 ||    41
